 Dungeon Crawl Stone Soup version bcrawl-1.17.3 (webtiles) character file.

Game seed: 14561314575935958152

137 Chiseanne the Shield-Bearer (level 5, 0/41 HPs)
             Began as a Mummy Archaeologist on Oct 25, 2019.
             Slain by a sky beast (6 damage)
             ... on level 3 of the Dungeon.
             The game lasted 00:10:56 (3705 turns).

Chiseanne the Shield-Bearer (Mummy Archaeologist)   Turns: 3705, Time: 00:10:57

Health: 0/41       AC:  8    Str: 14    XL:     5   Next: 0%
Magic:  5/5        EV: 12    Int: 15    God:
Gold:   199        SH:  0    Dex: 10    Spells: 4/4 levels left

rFire    x . .     SeeInvis .   j - +0 falchion
rCold    + . .     Gourm    .   (no shield)
rNeg     + + +     Faith    .   b - +1 robe
rPois    ∞         Spirit   .   c - +1 hat
rElec    .         Reflect  .   q - +0 cloak
rCorr    .         Harm     .   l - +0 pair of gloves
MR       .....     Clarity  +   d - +1 pair of boots
Stlth    ++........             n - amulet of the acrobat
HPRegen  0.13/turn              (no ring)
MPRegen  0.09/turn              (no ring)

@: studying Shields
A: no food or potions, fire vulnerability, clarity, cold resistance 1, negative
energy resistance 3, torment resistance, unbreathing
a: no special abilities


You were on level 3 of the Dungeon.
You were not hungry.

You visited 1 branch of the dungeon, and saw 3 of its levels.

You collected 199 gold pieces.

Inventory:

Hand Weapons
 g - a cursed -2 club
 j - a +0 falchion (weapon)
 w - a +0 hunting sling of velocity
Missiles
 h - 192 poisoned needles
 i - 160 arrows
 m - 408 stones (quivered)
Armour
 b - a +1 robe (worn)
 c - a +1 hat (worn)
 d - a +1 pair of boots (worn)
 l - a +0 pair of gloves (worn)
 q - a +0 cloak (worn)
 r - a +0 plate armour
Jewellery
 n - an amulet of the acrobat (around neck)
 o - an uncursed amulet of magic regeneration
Scrolls
 a - a scroll of teleportation
 k - 4 scrolls of identify
 p - a scroll of enchant armour {unknown}
Books
 e - a manual of Shields
Miscellaneous
 f - an ancient crate


   Skills:
 - Level 3.1 Fighting
 - Level 0.7 Maces & Flails
 - Level 2.4 Dodging
 - Level 2.6 Stealth
 + Level 4.2 Shields


You had 4 spell levels left.
You didn't know any spells.
Your spell library was empty.

Dungeon Overview and Level Annotations

Branches:
Dungeon (3/12)

Altars:
Dithmenos
Sif Muna
Zin


Innate Abilities, Weirdness & Mutations

You do not eat or drink.
Your flesh is vulnerable to fire.
You are immune to poison.
You possess an exceptional clarity of mind.
Your flesh is cold resistant. (rC+)
You are immune to negative energy. (rN+++)
You are immune to unholy pain and torment.
You can survive without breathing.


Message History

The sky beast closely misses you.
You barely miss the sky beast.
The sky beast is heavily wounded.
The sky beast hits you. The sky beast shocks you.
* * * LOW HITPOINT WARNING * * *
You hit the sky beast.
The sky beast is severely wounded.
The sky beast hits you but does no damage.
The sky beast barely misses you.
You hit the sky beast.
The sky beast is severely wounded.
The sky beast flickers out of sight!
Deactivating autopickup; reactivate with Ctrl-A.
Something hits you but does no damage.
You hit something. Something hits you but does no damage.
You closely miss something. Something hits you but does no damage.
You barely miss something. Something hits you.
* * * LOW HITPOINT WARNING * * *
Something shocks you.
You die...

#.#....#.# ### #.#
###.....†..## ..# #.#
............# #.# #.#
######.........# #.# #.#
...........##..# #.# #.#
######.....##.^# #.# #.# #
#...).....# #.# #.#
######.#####...########.####.#
.....#(......#..@{...........#
####.#######..†########.######
####.# ##?.# #.# ..##.#
#..########.# ..##.#
#...........# ..##.#
#.########### .....########.#
..............#
.....##########


There were no monsters in sight!

Vanquished Creatures
  A gnoll (D:2)
  3 adders
  An ooze (D:1)
  A worm (D:2)
  3 dart slugs (D:3)
  2 leopard geckos (D:1)
  8 bats
  4 giant cockroaches
  17 goblins
  13 hobgoblins
  2 jackals (D:2)
  A quokka (D:3)
  2 frilled lizards
  9 kobolds
  12 rats
79 creatures vanquished.

Notes
Turn   | Place    | Note
-------+----------+-------------------------------------------
     0 | D:1      | Chiseanne the Mummy Archaeologist began the quest for the
                  | Orb.
     0 | D:1      | Reached XP level 1. HP: 15/15 MP: 1/1
   137 | D:1      | Reached XP level 2. HP: 20/22 MP: 2/2
   735 | D:1      | Reached XP level 3. HP: 26/29 MP: 3/3
  1065 | D:2      | Reached skill level 1 in Shields
  1193 | D:2      | Reached skill level 2 in Shields
  1674 | D:2      | Reached XP level 4. HP: 35/35 MP: 4/4
  1787 | D:2      | Found a shimmering blue altar of Sif Muna.
  1997 | D:2      | Reached skill level 3 in Shields
  2225 | D:2      | Found a shadowy altar of Dithmenos.
  3038 | D:2      | Reached skill level 4 in Shields
  3318 | D:3      | Found a glowing silver altar of Zin.
  3344 | D:3      | Noticed a sky beast
  3620 | D:3      | Reached XP level 5. HP: 39/41 MP: 5/5
  3705 | D:3      | Slain by a sky beast

Skill      XL: |  1  2  3  4 |
---------------+-------------+-----
Fighting       | 2 3 |  3.1
Shields        | 2 4 |  4.2
Maces & Flails | |  0.7
Dodging        | |  2.4
Stealth        | |  2.6

Action                   |  1- 3 |  4- 6 || total
-------------------------+-------+-------++-------
Melee: Whip              |   171 |       ||   171
       Falchion          |    32 |   187 ||   219
  Use: Scroll            |     6 |     3 ||     9
 Stab: Sleeping          |     7 |     3 ||    10
Armor: Robe              |    66 |    64 ||   130
Dodge: Dodged            |   139 |   137 ||   276
